| TOP OF THE 1ST |
|
Huron Cubs batting - Pitching for Sioux Falls Packers : LHP Bob Baldrick
|
|
Pitching: LHP Bob Baldrick
|
|
|
Batting: LHB Gary Varsho
|
0-0: Fly out, F8 (Flyball, 89M, EV 86.9 MPH)
|
|
Batting: RHB Greg Zunino
|
0-0: Ball 1-0: Ball 2-0: Ball 3-0: Called Strike 3-1: Swinging Strike 3-2: Reached on error, E5 (Groundball, 5, EV 85.0 MPH)
|
|
Batting: RHB Mark Carreon
|
0-0: Foul Ball, location: 2F 0-1: Ball 1-1: Ball 2-1: Foul Ball, location: 2F 2-2: Ball 3-2: Ground out 4-3 (Groundball, 4M, EV 86.3 MPH) Greg Zunino to third
|
|
Batting: RHB John Alvarez
|
0-0: Fly out, F8 (Flyball, 78D, EV 100.6 MPH)
|
| Top of the 1st over - 0 runs, 0 hits, 1 error, 1 left on base; Huron 0 - Sioux Falls 0 |
| BOTTOM OF THE 1ST |
|
Sioux Falls Packers batting - Pitching for Huron Cubs : RHP Rich N Thompson
|
|
Pitching: RHP Rich N Thompson
|
|
|
Batting: RHB Donald Devlin
|
0-0: Ball 1-0: Ball 2-0: Called Strike 2-1: Ball 3-1: Base on Balls
|
|
Batting: RHB Javier Flores
|
0-0: Ball 1-0: Called Strike 1-1: Foul Ball, location: 2F 1-2: Foul Ball, location: 2F 1-2: Fly out, F9 (Flyball, 9LM, EV 98.8 MPH)
|
|
Batting: LHB Michael Robbins
|
0-0: Called Strike 0-1: Ball 1-1: Ball 2-1: Fly out, F8 (Line Drive, 8RD, EV 88.8 MPH)
|
|
Batting: SHB Dan Hanggie
|
0-0: Ground out 1-3 (Groundball, P, EV 66.9 MPH)
|
| Bottom of the 1st over - 0 runs, 0 hits, 0 errors, 1 left on base; Huron 0 - Sioux Falls 0 |
| TOP OF THE 2ND |
|
Huron Cubs batting - Pitching for Sioux Falls Packers : LHP Bob Baldrick
|
|
Batting: LHB Rob Nelson
|
0-0: Foul Ball, location: 2F 0-1: Called Strike 0-2: Ball 1-2: Ball 2-2: Fly out, F8 (Flyball, 8RM, EV 85.6 MPH)
|
|
Batting: RHB Mike Stellern
|
0-0: Foul Ball, location: 2F 0-1: Ball 1-1: Ground out 4-3 (Groundball, 4, EV 86.3 MPH)
|
|
Batting: LHB Willis Gonzalez
|
0-0: Called Strike 0-1: Foul Ball, location: 2F 0-2: Ground out 6-3 (Groundball, 6M, EV 103.1 MPH)
|
| Top of the 2nd over - 0 runs, 0 hits, 0 errors, 0 left on base; Huron 0 - Sioux Falls 0 |
| BOTTOM OF THE 2ND |
|
Sioux Falls Packers batting - Pitching for Huron Cubs : RHP Rich N Thompson
|
|
Batting: LHB Randy Salava
|
0-0: Ball 1-0: Ball 2-0: Ball 3-0: Foul Ball, location: 2F 3-1: Foul Ball, location: 2F 3-2: Base on Balls
|
|
Batting: SHB Gary Springer
|
0-0: Called Strike 0-1: Ball 1-1: Ball 2-1: Ground out 4-3 (Groundball, 34, EV 100.0 MPH) Randy Salava to second
|
|
Batting: LHB Reggie West
|
0-0: Ball 1-0: Called Strike 1-1: Ball 2-1: Swinging Strike 2-2: Ball 3-2: Base on Balls
|
|
Batting: RHB Ben Amaya
|
0-0: Ball 1-0: Fly out, F8 (Line Drive, 8LD, EV 98.1 MPH)
|
|
Batting: RHB Francisco Perez
|
0-0: Called Strike 0-1: Ground out 4-3 (Groundball, 4, EV 106.3 MPH)
|
| Bottom of the 2nd over - 0 runs, 0 hits, 0 errors, 2 left on base; Huron 0 - Sioux Falls 0 |
| TOP OF THE 3RD |
|
Huron Cubs batting - Pitching for Sioux Falls Packers : LHP Bob Baldrick
|
|
Batting: SHB Keith Smith
|
0-0: Ball 1-0: Ball 2-0: Fly out, F5 (Popup, 5F, EV 64.4 MPH)
|
|
Batting: RHB Phillip Wilson
|
0-0: Ball 1-0: Ball 2-0: Ball 3-0: Base on Balls
|
|
Batting: LHB Gary Varsho
|
0-0: Called Strike 0-1: Ball 1-1: Ball 2-1: Swinging Strike 2-2: Fly out, F8 (Flyball, 8LM, EV 92.5 MPH)
|
|
Batting: RHB Greg Zunino
|
0-0: Called Strike 0-1: Ball 1-1: Swinging Strike 1-2: Ball 2-2: Strikes out looking
|
| Top of the 3rd over - 0 runs, 0 hits, 0 errors, 1 left on base; Huron 0 - Sioux Falls 0 |
| BOTTOM OF THE 3RD |
|
Sioux Falls Packers batting - Pitching for Huron Cubs : RHP Rich N Thompson
|
|
Batting: RHB Donald Devlin
|
0-0: Ball 1-0: Ball 2-0: Ball 3-0: Called Strike 3-1: SINGLE (Groundball, 5S, EV 70.6 MPH) (infield hit)
|
|
Batting: RHB Javier Flores
|
0-0: Fielders Choice at 2nd, 1-6 (Groundball, 13S, EV 68.1 MPH)
|
|
Batting: LHB Michael Robbins
|
0-0: Ball 1-0: Ball 2-0: Foul Ball, location: 2F 2-1: Swinging Strike 2-2: Foul Ball, location: 2F 2-2: Foul Ball, location: 2F 2-2: Ground out 3-1 (Groundball, 34S, EV 85.0 MPH) Javier Flores to second
|
|
Batting: SHB Dan Hanggie
|
0-0: Swinging Strike 0-1: Ball 1-1: SINGLE (Groundball, 34D, EV 100.6 MPH) Javier Flores to third Runner from 3rd tries for Home, SAFE, throw by RF to home
|
|
Batting: LHB Randy Salava
|
0-0: Called Strike 0-1: Ball 1-1: Ball 2-1: Foul Ball, location: 2F 2-2: Fielders Choice at 2nd, 6-4 (Groundball, 6, EV 101.3 MPH)
|
| Bottom of the 3rd over - 1 run, 2 hits, 0 errors, 1 left on base; Huron 0 - Sioux Falls 1 |
| TOP OF THE 4TH |
|
Huron Cubs batting - Pitching for Sioux Falls Packers : LHP Bob Baldrick
|
|
Batting: RHB Mark Carreon
|
0-0: Ball 1-0: SINGLE (Line Drive, 3D, EV 94.4 MPH)
|
|
Batting: RHB John Alvarez
|
0-0: Ball 1-0: Foul Ball, location: 2F 1-1: Ball 2-1: Foul Ball, location: 2F 2-2: Ball 3-2: Base on Balls Mark Carreon to second
|
|
Batting: LHB Rob Nelson
|
0-0: Ball 1-0: Ball 2-0: Foul Ball, location: 2F 2-1: Ball 3-1: Base on Balls Mark Carreon to third John Alvarez to second
|
|
Batting: RHB Mike Stellern
|
0-0: Ball 1-0: Ball 2-0: Ball 3-0: Base on Balls Mark Carreon scores John Alvarez to third Rob Nelson to second
|
|
Batting: LHB Willis Gonzalez
|
0-0: Ball 1-0: Called Strike 1-1: Swinging Strike 1-2: Ball 2-2: SINGLE (Line Drive, 7S, EV 105.6 MPH) John Alvarez scores Rob Nelson to third Mike Stellern to second Runner from 3rd tries for Home, SAFE, throw by LF to home
|
|
Batting: SHB Keith Smith
|
0-0: Ball 1-0: Foul Ball, location: 2F 1-1: Foul Ball, location: 2F 1-2: Ball 2-2: Foul Ball, location: 2F 2-2: Foul Ball, location: 2F 2-2: Fly out, F3 (Flyball, 3D, EV 90.0 MPH)
|
|
Batting: RHB Phillip Wilson
|
0-0: Ball 1-0: Ball 2-0: Called Strike 2-1: Called Strike 2-2: Ball 3-2: Base on Balls Mike Stellern to third Willis Gonzalez to second
|
|
Batting: LHB Gary Varsho
|
0-0: Ball 1-0: Foul Ball, location: 2F 1-1: Swinging Strike 1-2: SINGLE (Line Drive, 78S, EV 90.6 MPH) Mike Stellern scores Willis Gonzalez to third Phillip Wilson to second
|
|
Batting: RHB Greg Zunino
|
0-0: Ball 1-0: Ball 2-0: Called Strike 2-1: Foul Ball, location: 2F 2-2: Fly out, F9 (Flyball, 9, EV 94.4 MPH)
|
|
Batting: RHB Mark Carreon
|
0-0: Called Strike 0-1: Called Strike 0-2: Strikes out swinging
|
| Top of the 4th over - 4 runs, 3 hits, 0 errors, 3 left on base; Huron 4 - Sioux Falls 1 |
| BOTTOM OF THE 4TH |
|
Sioux Falls Packers batting - Pitching for Huron Cubs : RHP Rich N Thompson
|
|
Batting: SHB Gary Springer
|
0-0: Ball 1-0: Ball 2-0: Ball 3-0: Base on Balls
|
|
Batting: LHB Reggie West
|
0-0: Fielders Choice at 2nd, 4-6 (Groundball, 4S, EV 93.8 MPH)
|
|
Batting: RHB Ben Amaya
|
0-0: Called Strike 0-1: Ball Reggie West is caught stealing 2nd base 2-4 1-1: Ball 2-1: Ball 3-1: Foul Ball, location: 2F 3-2: DOUBLE (Flyball, 8LXD, EV 93.1 MPH)
|
|
Batting: RHB Francisco Perez
|
0-0: Reached on error, E9 (Flyball, 9S, EV 91.3 MPH) Ben Amaya scores
|
|
Batting: RHB Donald Devlin
|
0-0: SINGLE (Flyball, 8LS, EV 93.8 MPH) Francisco Perez to third Runner from 3rd tries for Home, throw by CF and OUT! 8-2
|
| Bottom of the 4th over - 1 run, 2 hits, 1 error, 1 left on base; Huron 4 - Sioux Falls 2 |
| TOP OF THE 5TH |
|
Huron Cubs batting - Pitching for Sioux Falls Packers : LHP Bob Baldrick
|
|
Batting: RHB John Alvarez
|
0-0: Ground out 6-3 (Groundball, 6, EV 88.8 MPH)
|
|
Batting: LHB Rob Nelson
|
0-0: Ball 1-0: Ball 2-0: Swinging Strike 2-1: Called Strike 2-2: Foul Ball, location: 2F 2-2: Ground out 5-3 (Groundball, 56S, EV 83.1 MPH)
|
|
Batting: RHB Mike Stellern
|
0-0: Called Strike 0-1: Called Strike 0-2: Ball 1-2: Ball 2-2: Ball 3-2: Foul Ball, location: 2F 3-2: Base on Balls
|
|
Batting: LHB Willis Gonzalez
|
0-0: Called Strike 0-1: Ball 1-1: Fly out, F8 (Line Drive, 8LD, EV 92.5 MPH)
|
| Top of the 5th over - 0 runs, 0 hits, 0 errors, 1 left on base; Huron 4 - Sioux Falls 2 |
| BOTTOM OF THE 5TH |
|
Sioux Falls Packers batting - Pitching for Huron Cubs : RHP Rich N Thompson
|
|
Batting: RHB Javier Flores
|
0-0: Ball 1-0: Ball 2-0: Foul Ball, location: 2F 2-1: Foul Ball, location: 2F 2-2: Strikes out swinging
|
|
Batting: LHB Michael Robbins
|
0-0: Called Strike 0-1: Swinging Strike 0-2: Fly out, F7 (Flyball, 78S, EV 74.4 MPH)
|
|
Batting: SHB Dan Hanggie
|
0-0: Called Strike 0-1: Ball 1-1: SINGLE (Flyball, 7S, EV 86.3 MPH)
|
|
Batting: LHB Randy Salava
|
0-0: Ball 1-0: Ball 2-0: Foul Ball, location: 2F 2-1: Foul Ball, location: 2F 2-2: Ball 3-2: Fly out, F8 (Flyball, 8RM, EV 95.6 MPH)
|
| Bottom of the 5th over - 0 runs, 1 hit, 0 errors, 1 left on base; Huron 4 - Sioux Falls 2 |
| TOP OF THE 6TH |
|
Huron Cubs batting - Pitching for Sioux Falls Packers : LHP Bob Baldrick
|
|
Batting: SHB Keith Smith
|
0-0: Called Strike 0-1: Ball 1-1: Ground out 6-3 (Groundball, P, EV 84.4 MPH)
|
|
Batting: RHB Phillip Wilson
|
0-0: Ball 1-0: Foul Ball, location: 2F 1-1: SINGLE (Groundball, 6MD, EV 105.0 MPH)
|
|
Batting: LHB Gary Varsho
|
0-0: Swinging Strike 0-1: Called Strike 0-2: Ball 1-2: Ball 2-2: Foul Ball, location: 2F 2-2: Foul Ball, location: 2F 2-2: Fly out, F8 (Flyball, 89S, EV 98.1 MPH)
|
|
Batting: RHB Greg Zunino
|
0-0: Ball 1-0: Foul Ball, location: 2F 1-1: Ball 2-1: Ball 3-1: Base on Balls Phillip Wilson to second
|
|
Batting: RHB Mark Carreon
|
0-0: Ball 1-0: SINGLE (Groundball, 34D, EV 94.4 MPH) Phillip Wilson to third Greg Zunino to second Runner from 3rd tries for Home, SAFE, throw by RF to home
|
|
Batting: RHB John Alvarez
|
0-0: Fielders Choice at 2nd, 6-4 (Groundball, 6, EV 86.9 MPH)
|
| Top of the 6th over - 1 run, 2 hits, 0 errors, 2 left on base; Huron 5 - Sioux Falls 2 |
| BOTTOM OF THE 6TH |
|
Sioux Falls Packers batting - Pitching for Huron Cubs : RHP Rich N Thompson
|
|
Batting: SHB Gary Springer
|
0-0: Ball 1-0: Ball 2-0: Ball 3-0: Called Strike 3-1: Ground out U3 (Groundball, 34, EV 90.0 MPH)
|
|
Batting: LHB Reggie West
|
0-0: Ball 1-0: Fly out, F7 (Flyball, 78M, EV 73.8 MPH)
|
|
Batting: RHB Ben Amaya
|
0-0: Swinging Strike 0-1: Ground out 6-3 (Groundball, 6, EV 82.5 MPH)
|
| Bottom of the 6th over - 0 runs, 0 hits, 0 errors, 0 left on base; Huron 5 - Sioux Falls 2 |
| TOP OF THE 7TH |
|
Huron Cubs batting - Pitching for Sioux Falls Packers : LHP Bob Baldrick
|
|
Pitching: RHP Eddie Hook
|
|
|
Batting: LHB Rob Nelson
|
0-0: Foul Ball, location: 2F 0-1: Called Strike 0-2: Foul Ball, location: 2F 0-2: Strikes out looking
|
|
Batting: RHB Mike Stellern
|
0-0: Called Strike 0-1: Foul Ball, location: 2F 0-2: Ball 1-2: Foul Ball, location: 2F 1-2: Fly out, F8 (Flyball, 89XD, EV 94.4 MPH)
|
|
Batting: LHB Willis Gonzalez
|
0-0: Ball 1-0: Ball 2-0: Ball 3-0: Called Strike 3-1: Foul Ball, location: 2F 3-2: Base on Balls
|
|
Batting: SHB Keith Smith
|
0-0: Ball 1-0: Swinging Strike 1-1: Ground out 4-3 (Groundball, 34, EV 93.8 MPH)
|
| Top of the 7th over - 0 runs, 0 hits, 0 errors, 1 left on base; Huron 5 - Sioux Falls 2 |
| BOTTOM OF THE 7TH |
|
Sioux Falls Packers batting - Pitching for Huron Cubs : RHP Rich N Thompson
|
|
Batting: RHB Francisco Perez
|
0-0: Swinging Strike 0-1: Ball 1-1: Fly out, F9 (Flyball, 89S, EV 88.1 MPH)
|
|
Batting: RHB Donald Devlin
|
0-0: Called Strike 0-1: Ball 1-1: Ball 2-1: Ball 3-1: Called Strike 3-2: Base on Balls
|
|
Pitching: RHP Alex Samano
|
|
|
Batting: RHB Javier Flores
|
0-0: Ball 1-0: Ball Donald Devlin steals 2nd base 2-0: DOUBLE (Line Drive, 89D, EV 107.5 MPH) Donald Devlin scores
|
|
Batting: LHB Michael Robbins
|
0-0: Ball 1-0: Fly out, F2 (Popup, 25F, EV 81.9 MPH)
|
|
Batting: SHB Dan Hanggie
|
0-0: SINGLE (Line Drive, 8RS, EV 108.8 MPH) Javier Flores to third Runner from 3rd tries for Home, SAFE, throw by CF to home Dan Hanggie to second
|
|
Batting: LHB Randy Salava
|
0-0: Foul Ball, location: 2F 0-1: Ball 1-1: Ball 2-1: Fly out, F8 (Line Drive, 8LM, EV 92.5 MPH)
|
| Bottom of the 7th over - 2 runs, 2 hits, 0 errors, 1 left on base; Huron 5 - Sioux Falls 4 |
| TOP OF THE 8TH |
|
Huron Cubs batting - Pitching for Sioux Falls Packers : RHP Eddie Hook
|
|
Batting: RHB Phillip Wilson
|
0-0: Ball 1-0: Ball 2-0: Ball 3-0: Base on Balls
|
|
Batting: LHB Gary Varsho
|
0-0: Ball 1-0: Bunted foul 1-1: Sac Bunt to 25 - play at first, batter OUT! 5-4 Phillip Wilson to second
|
|
Batting: RHB Greg Zunino
|
0-0: Ball 1-0: Ball 2-0: Ball 3-0: Called Strike 3-1: Foul Ball, location: 2F 3-2: Base on Balls
|
|
Batting: RHB Mark Carreon
|
0-0: Fly out, F9 (Flyball, 9, EV 85.6 MPH)
|
|
Batting: RHB John Alvarez
|
0-0: Foul Ball, location: 2F 0-1: Swinging Strike 0-2: Ball 1-2: Foul Ball, location: 2F 1-2: Ball 2-2: Fly out, F8 (Flyball, 8LXD, EV 82.5 MPH)
|
| Top of the 8th over - 0 runs, 0 hits, 0 errors, 2 left on base; Huron 5 - Sioux Falls 4 |
| BOTTOM OF THE 8TH |
|
Sioux Falls Packers batting - Pitching for Huron Cubs : RHP Alex Samano
|
|
Batting: SHB Gary Springer
|
0-0: Foul Ball, location: 2F 0-1: Ball 1-1: Fly out, F8 (Flyball, 8LXD, EV 100.6 MPH)
|
|
Batting: LHB Reggie West
|
0-0: Ball 1-0: Called Strike 1-1: Ball 2-1: Ball 3-1: Called Strike 3-2: SINGLE (Groundball, 4MD, EV 93.8 MPH)
|
|
Pinch Hitting: LHB Mike Aldrete
|
0-0: Called Strike 0-1: Swinging Strike 0-2: Ball 1-2: Foul Ball, location: 2F 1-2: Ball 2-2: Ball 3-2: Foul Ball, location: 2F 3-2: Strikes out swinging
|
|
Pinch Hitting: RHB Daniel Gausepohl
|
0-0: Called Strike 0-1: Ball 1-1: Fly out, F7 (Flyball, 78S, EV 81.9 MPH)
|
| Bottom of the 8th over - 0 runs, 1 hit, 0 errors, 1 left on base; Huron 5 - Sioux Falls 4 |
| TOP OF THE 9TH |
|
Huron Cubs batting - Pitching for Sioux Falls Packers : RHP Eddie Hook
|
|
Now at 1B: Mike Aldrete
|
|
|
Now at SS: Ricky Jones
|
|
|
Batting: LHB Rob Nelson
|
0-0: Called Strike 0-1: Swinging Strike 0-2: Foul Ball, location: 2F 0-2: Strikes out swinging
|
|
Batting: RHB Mike Stellern
|
0-0: Called Strike 0-1: Reached on error, E3 (Groundball, 34S, EV 88.8 MPH)
|
|
Batting: LHB Willis Gonzalez
|
0-0: Intentional Walk
|
|
Batting: SHB Keith Smith
|
0-0: Ball Passed Ball! Mike Stellern to third Willis Gonzalez to second 1-0: Ball 2-0: Ball 3-0: Base on Balls
|
|
Batting: RHB Phillip Wilson
|
0-0: Foul Ball, location: 2F 0-1: Called Strike 0-2: Foul Ball, location: 2F 0-2: Ball 1-2: Ball 2-2: Ball 3-2: Foul Ball, location: 2F 3-2: Grounds into fielders choice 1-2 (Groundball, 13, EV 70.0 MPH) Willis Gonzalez to third Keith Smith to second
|
|
Batting: LHB Gary Varsho
|
0-0: Ball 1-0: Called Strike 1-1: Ball 2-1: Ball 3-1: Swinging Strike 3-2: Ground out 1-3 (Groundball, 13S, EV 63.8 MPH)
|
| Top of the 9th over - 0 runs, 0 hits, 1 error, 3 left on base; Huron 5 - Sioux Falls 4 |
| BOTTOM OF THE 9TH |
|
Sioux Falls Packers batting - Pitching for Huron Cubs : RHP Alex Samano
|
|
Pitching: LHP Jose Soto
|
|
|
Now at 2B: Chris Pittaro
|
|
|
Batting: RHB Donald Devlin
|
0-0: Ground out 4-3 (Groundball, 34D, EV 103.8 MPH)
|
|
Batting: RHB Javier Flores
|
0-0: Called Strike 0-1: Ball 1-1: Ball 2-1: SINGLE (Groundball, 6MD, EV 98.8 MPH)
|
|
Batting: RHB Brian Snitker
|
0-0: Ball 1-0: Swinging Strike 1-1: Ball 2-1: Foul Ball, location: 2F 2-2: Fly out, F9 (Flyball, 89M, EV 81.9 MPH)
|
|
Batting: SHB Dan Hanggie
|
0-0: Foul Ball, location: 2F 0-1: Foul Ball, location: 2F 0-2: Ball 1-2: Ground out 4-3 (Groundball, 4, EV 100.6 MPH)
|
| Bottom of the 9th over - 0 runs, 1 hit, 0 errors, 1 left on base; Huron 5 - Sioux Falls 4 |
|